 Seeded DCSS version 0.29-a0-474-gdfe5cd1 (webtiles) character file.

Game seed: 4762294162950122597 (custom seed)

12350 nrm the Zephyrmancer (level 11, -7/54 (57) HPs)
             Began as a Deep Elf Warper on May 23, 2022.
             Was a Priest of Zin.
             Mangled by a troll (12 damage)
             ... on level 10 of the Dungeon.
             The game lasted 00:51:32 (20623 turns).

nrm the Zephyrmancer (Deep Elf Warper)             Turns: 20623, Time: 00:51:33

HP:   -7/54 (57)    AC: 19    Str: 10    XL:     11   Next: 61%
MP:   15/19         EV: 14    Int: 19    God:    Zin [***...]
Gold: 183           SH:  5    Dex: 16    Spells: 4/18 levels left

rFire   . . .      SeeInvis .   v - +5 quick blade
rCold   . . .      Faith    .   G - +2 buckler
rNeg    . . .      Spirit   .   T - +0 swamp dragon scales
rPois   +          Reflect  .   P - +0 helmet
rElec   .          Harm     .   h - +1 cloak
rCorr   .          Rampage  .   x - +0 pair of gloves
Will    +....                   (no boots)
Stlth   +.........              f - amulet of the acrobat
HPRegen 0.18/turn               r - +4 ring of protection
MPRegen 0.16/turn               O - +4 ring of protection

@: drained
A: no striking features
a: Renounce Religion, Recite, Vitalisation, Imprison, Donate Gold


You were on level 10 of the Dungeon.
You worshipped Zin.
Zin was most pleased with you.
You visited 3 branches of the dungeon, and saw 14 of its levels.
You also visited: Ossuary.

You collected 511 gold pieces.
You spent 277 gold pieces at shops.
You donated 51 gold pieces to Zin.

Inventory:

Hand Weapons
 v - a +5 quick blade (weapon)
 y - a +0 rapier
 A - the +6 morningstar "Dragonbane" {venom, rN+++ Str-3 Dex+3}
   (You found it on level 4 of the Dungeon)

   It poisons the flesh of those it strikes.
   Str:       It affects your strength (-3).
   Dex:       It affects your dexterity (+3).
   rN:        It renders you almost immune to negative energy.
 V - a +1 dagger of venom
Missiles
 j - 11 boomerangs
 q - 35 poisoned darts
 C - 4 curare-tipped darts (quivered)
Armour
 g - a +2 leather armour of cold resistance
 h - a +1 cloak (worn)
 x - a +0 pair of gloves (worn)
 G - a +2 buckler (worn)
 P - a +0 helmet (worn)
 T - +0 swamp dragon scales (worn)
Jewellery
 b - a ring of protection from cold
 f - an amulet of the acrobat (around neck)
 n - a ring of flight
 r - a +4 ring of protection (left hand)
 F - a ring of poison resistance
 J - an amulet of magic regeneration
 O - a +4 ring of protection (right hand)
Wands
 k - a wand of flame (13)
 w - a wand of paralysis (1)
 B - a wand of iceblast (3)
 H - a wand of charming (6)
Scrolls
 a - 2 scrolls of enchant armour
 c - 3 scrolls of blinking
 i - 3 scrolls of enchant weapon {unknown}
 l - 3 scrolls of fog
 m - 4 scrolls of amnesia
 u - 4 scrolls of teleportation
 L - 2 scrolls of noise {unknown}
 M - a scroll of fear
 N - 3 scrolls of immolation {unknown}
 S - 2 scrolls of identify
 U - a scroll of vulnerability
Potions
 d - 6 potions of resistance
 e - 6 potions of brilliance
 o - 5 potions of attraction
 p - a potion of berserk rage
 s - 2 potions of degeneration {unknown}
 t - 5 potions of curing
 z - 3 potions of cancellation
 D - 2 potions of mutation {unknown}
 E - 3 potions of invisibility
 I - 2 potions of might {unknown}
 K - 2 potions of flight {unknown}
 Q - 3 potions of heal wounds {unknown}
 R - 3 potions of haste {unknown}


   Skills:
 - Level 2.1 Fighting
 + Level 9.7 Short Blades
 - Level 1.6 Axes
 - Level 1.0 Throwing
 - Level 0.7 Armour
 - Level 10.0 Dodging
 + Level 4.4 Spellcasting
 + Level 7.7 Conjurations
 - Level 3.5 Translocations
 - Level 10.0 Air Magic
 * Level 6.0 Earth Magic


You had 4 spell levels left.
You knew the following spells:

 Your Spells              Type           Power      Damage    Failure   Level
a - Shock                 Conj/Air       100%       1d9       1%          1
b - Airstrike             Air            21%        N/A       8%          4
c - Stone Arrow           Conj/Erth      60%        3d10      9%          3
d - Iron Shot             Conj/Erth      15%        9d4       99%         6

Your spell library contained the following spells:

 Spells                   Type           Power      Damage    Failure   Level
 Swiftness                Air            42%        N/A       2%          3
 Sandblast                Erth           54%        2d13      4%          1
 Blink                    Tloc           34%        N/A       17%         2
 Passwall                 Tmut/Erth      12%        N/A       21%         2
 Gell's Gravitas          Tloc           17%        N/A       32%         3
 Lesser Beckoning         Tloc           17%        N/A       32%         3
 Teleport Other           Tloc           17%        N/A       32%         3
 Sublimation of Blood     Necr           4%         N/A       56%         2
 Wereblood                Tmut           4%         N/A       56%         2
 Vampiric Draining        Necr           4%         2d6       80%         3
 Animate Armour           Summ/Erth      30%        N/A       80%         4
 Manifold Assault         Tloc           17%        N/A       97%         5
 Blade Hands              Tmut           2%         N/A       100%        5
 Statue Form              Tmut/Erth      10%        N/A       100%        6
 Summon Hydra             Summ           2%         N/A       100%        7


Dungeon Overview and Level Annotations

Branches:
Dungeon (12/15)            Temple (1/1) D:6            Lair (0/6) D:10
    Orc (1/2) D:10        Ossuary (visited)

Altars:
Ashenzari
Cheibriados
Dithmenos
Elyvilon
Fedhas
Gozag
Hepliaklqana
Kikubaaqudgha
Makhleb
Nemelex Xobeh
Okawaru
Qazlal
Ru
Sif Muna
Trog
Uskayaw
Vehumet
Wu Jian
Xom
Yredelemnul
Zin
The Shining One
Beogh

Shops:
D:1 *   D:11 (:[

Annotations:
D:2 exclusion: adder
D:7 3 runed translucent doors, lyrin's ghost, novice DrWn
D:10 Josephine; Snorg
D:11 hydra, exclusion: downstairs
D:12 Erolcha; Jorgrun; Kirke


Message History

The wraith is lightly damaged.
Josephine grinds her teeth.
The troll bites you. The troll claws you. You block the troll's attack.
Okay, then.
Okay, then.
Okay, then.
Casting: Shock (safe; 1% risk of failure)
Confirm with . or Enter, or press ? or * to list all spells.
Aiming: Shock (safe; 1% risk of failure)
Press: ? - help, Shift-Dir - straight line, f/p - wraith
Aim: a wraith (lightly damaged, 74% to hit)
Okay, then.
Casting: Shock (safe; 1% risk of failure)
Confirm with . or Enter, or press ? or * to list all spells.
Aiming: Shock (safe; 1% risk of failure)
Press: ? - help, Shift-Dir - straight line, f/p - wraith
Aim: a wraith (lightly damaged, 74% to hit)
Okay, then.
Okay, then.
Your magical contamination has completely faded away.
The troll attacks as you move away! The troll closely misses you.
You block the troll's attack. The troll completely misses you.
The troll attacks as you move away! You block the troll's attack.
The troll misses you. The troll completely misses you.
The troll attacks as you move away! The troll misses you.
The troll closely misses you. You block the troll's attack.
There is an open door here.
The troll attacks as you move away! The troll closely misses you.
The troll completely misses you. x2
Josephine casts a spell at you.
The ghostly flame explodes!
The ghostly fireball engulfs you!!
You feel drained.
* * * LOW HITPOINT WARNING * * *
The troll attacks as you move away! The troll completely misses you.
The troll claws you.
* * * LOW HITPOINT WARNING * * *
The troll claws you but does no damage.
There is a stone staircase leading up here.
The troll bites you!
You die...

#......<.......# ###
#.....[........# #..
#..............# ####### #..
#..............######.....####..
#..#######......................
#..# #..######..............
#..# #..#....#..............
#..# #..#....###.#########..
#..# #..#..@...#.# #.. #..#
#..#..T...#.# #..
#..#######..#......#.# #.[
#...........#......#.# #.[
#...........#......#.#########.)
#...........##@#####............
#.............W.................
#..........@##'######..........)
#...........'.......#...######..


You could see Josephine, a troll and a wraith.

Vanquished Creatures
  A wizard (D:11)
  Pikel (D:9)
  2 deep elf pyromancers (D:11)
  2 cyclopes (D:11)
  Maggie (D:10)
  An unseen horror (D:10)
  A komodo dragon (D:10)
  A kobold demonologist (D:10)
  2 hornets (D:9)
  Grinder (D:6)
  3 wraiths (D:10)
  7 yaks
  3 wyverns
  Grum (D:10)
  2 fire elementals
  2 steam dragons
  Menkaure (D:4)
  3 vampire mosquitoes (D:9)
  4 wargs
  Edmund (D:6)
  An acid dragon (D:10)
  2 orc warriors
  2 ice beasts
  2 black bears
  2 centaurs
  4 ogres
  2 wolves (D:9)
  A lemure (D:10)
  3 kobold brigands
  2 bullfrogs
  A gnoll sergeant (D:10)
  6 scorpions
  4 necrophages
  7 wights
  2 jellies
  An electric eel (D:9)
  5 howler monkeys
  8 hounds
  An orc priest (D:10)
  4 iguanas
  16 orc wizards
  14 mummies
  15 gnolls
  4 adders
  2 shadow imps
  A white imp (D:4)
  2 ufetubi (D:9)
  4 worms
  A dart slug (D:4)
  38 orcs
  8 endoplasms
  5 giant cockroaches
  2 goblins
  9 hobgoblins
  8 jackals
  A quokka (D:1)
  8 ball pythons
  7 bats
  6 frilled lizards
  3 gnoll skeletons (Ossuary)
  10 kobolds
  A kobold skeleton (Ossuary)
  4 orc skeletons (Ossuary)
  5 rats
  11 rat skeletons (Ossuary)
285 creatures vanquished.

Vanquished Creatures (others)
  A wizard (D:11)
  2 plants
  4 withered plants (D:7)
7 creatures vanquished.

Grand Total: 292 creatures vanquished

Notes
Turn   | Place    | Note
-------+----------+-------------------------------------------
     0 | D:1      | nrm the Deep Elf Warper began the quest for the Orb.
     0 | D:1      | Reached XP level 1. HP: 12/12 MP: 6/6
   244 | D:1      | Reached XP level 2. HP: 17/17 MP: 8/8
   352 | D:1      | Reached skill level 1 in Short Blades
  1011 | D:1      | Found Byink's General Store.
  1178 | D:2      | Reached XP level 3. HP: 19/21 MP: 9/9
  2257 | D:2      | Reached XP level 4. HP: 26/26 MP: 10/10
  3276 | D:3      | Reached XP level 5. HP: 22/30 MP: 11/11
  3439 | D:3      | Learned a level 1 spell: Shock
  3446 | D:3      | Found a white marble altar of Elyvilon.
  3857 | D:3      | Found an ancient bone altar of Kikubaaqudgha.
  4454 | D:3      | Reached skill level 1 in Air Magic
  5638 | D:4      | Reached XP level 6. HP: 18/35 MP: 1/13
  6108 | D:4      | Identified the +6 morningstar "Dragonbane" {venom, rN+++
                  | Str-3 Dex+3}
  6337 | D:4      | Noticed Menkaure
  6517 | D:4      | Killed Menkaure
  6867 | D:5      | Entered Level 5 of the Dungeon
  6890 | D:5      | Reached XP level 7. HP: 40/40 MP: 15/15
  6985 | D:5      | Reached skill level 5 in Air Magic
  7207 | D:5      | Found a hide-covered altar of Uskayaw.
  7313 | D:5      | Learned a level 4 spell: Airstrike
  7669 | D:5      | Found a broken altar of Ashenzari.
  8316 | D:5      | Found a glowing golden altar of the Shining One.
  8373 | D:5      | Reached XP level 8. HP: 43/44 MP: 8/16
  8745 | D:6      | Noticed Edmund
  8767 | D:6      | Killed Edmund
  9204 | D:6      | Found a hazy altar of Hepliaklqana.
  9237 | D:6      | Reached skill level 5 in Dodging
  9587 | D:6      | Found a staircase to the Ecumenical Temple.
  9601 | Temple   | Entered the Ecumenical Temple
  9648 | Temple   | Became a worshipper of Zin the Law-Giver
  9648 | Temple   | Reached * piety under Zin
  9681 | D:6      | Noticed Grinder
  9683 | D:6      | Paralysed by Grinder for 2 turns
  9700 | D:6      | Killed Grinder
 10165 | D:6      | Reached XP level 9. HP: 24/48 MP: 11/17
 10391 | D:7      | Found a burning altar of Makhleb.
 10546 | D:7      | Reached skill level 10 in Air Magic
 10682 | D:7      | Reached skill level 1 in Conjurations
 11060 | D:7      | Reached ** piety under Zin
 11218 | D:7      | Found a sparkling altar of Nemelex Xobeh.
 11320 | D:7      | Found an iron altar of Okawaru.
 11492 | D:7      | Noticed lyrin's ghost (novice DrWn)
 11493 | D:7      | Found a runed translucent gate.
 11495 | D:7      | Found a runed translucent gate.
 11496 | D:7      | Found a runed translucent gate.
 11500 | D:7      | Identified the +2 chain mail of the Forgotten Spirits
                  | {Int+3}
 11878 | D:8      | You fall into a shaft and drop 2 floors!
 11878 | D:10     | Entered Level 10 of the Dungeon
 11920 | D:10     | Identified a scroll of acquirement
 11921 | D:10     | Acquired a +5 quick blade
 11966 | D:9      | Noticed Pikel
 12037 | D:10     | Noticed a komodo dragon
 12056 | D:10     | Noticed Snorg
 12213 | D:8      | Reached *** piety under Zin
 12271 | D:8      | Found a sand-covered staircase.
 12277 | Ossuary  | Entered an ossuary
 12339 | Ossuary  | Reached skill level 5 in Short Blades
 13281 | D:8      | Reached skill level 5 in Conjurations
 13783 | D:8      | Found an opulent altar of Gozag.
 13784 | D:8      | Found a radiant altar of Vehumet.
 13849 | D:9      | Reached XP level 10. HP: 37/53 MP: 18/18
 13853 | D:9      | Learned a level 3 spell: Stone Arrow
 14026 | D:9      | Reached skill level 1 in Earth Magic
 14499 | D:9      | Killed Pikel
 14769 | D:9      | Found a sacrificial altar of Ru.
 15207 | D:10     | Noticed Grum
 15401 | D:10     | Killed Grum
 15495 | D:10     | Noticed Maggie
 15505 | D:10     | Killed Maggie
 16023 | D:10     | Found a staircase to the Orcish Mines.
 17059 | D:10     | Found a staircase to the Lair.
 17808 | D:11     | Found Ymaemerph's Book Shop.
 17847 | D:10     | Reached XP level 11. HP: 42/57 MP: 19/19
 17950 | D:11     | Found Seli's Antique Weapon Boutique.
 18084 | D:11     | Noticed a sun demon
 18245 | D:10     | Noticed a sun demon
 18741 | D:11     | Found Babo's Antique Armour Shop.
 18791 | D:11     | Bought a glowing buckler for 277 gold pieces
 18806 | D:11     | Noticed a five-headed hydra
 18916 | D:11     | Noticed a deep elf pyromancer
 18922 | D:11     | Killed a deep elf pyromancer
 19302 | D:11     | Reached skill level 5 in Earth Magic
 19414 | D:11     | Noticed a deep elf pyromancer
 19424 | D:11     | Killed a deep elf pyromancer
 19425 | D:11     | Reached skill level 10 in Dodging
 19585 | D:11     | Noticed a wizard
 19585 | D:11     | Noticed a wizard
 19590 | D:11     | Killed a wizard
 19591 | D:11     | Killed a wizard
 19725 | D:11     | Got Heugidgh's Disquisition on Changing and Unholy Rituals
 19941 | D:12     | Noticed Kirke
 19953 | D:12     | Noticed Jorgrun
 19953 | D:12     | Noticed Erolcha
 20023 | Orc:1    | Entered Level 1 of the Orcish Mines
 20035 | D:10     | Learned a level 6 spell: Iron Shot
 20340 | Orc:1    | Noticed Josephine
 20623 | D:10     | Mangled by a troll

Illustrated notes

Levels and vault maps discovered:
D:1:      lightli_arrival_boilingwater, layout_basic, serial_shops, shop
D:2:      minmay_alternating_diamond, layout_basic
D:3:      layout_basic, kiku_gazebo_garden_becter, mainiacjoe_overflow_brackets,
          hangedman_decor_growths, nicolae_elevator_lobby_plus
D:4:      layout_gridville, chequers_arboretum, uniq_menkaure
D:5:      layout_rooms, nicolae_uskayaw_dance_hall,
          ashenzari_conservatory_becter, tso_oasis_becter, minmay_misc_feat_tiny
D:6:      layout_loops_cross, mainiacjoe_overflow_small_starburst,
          minmay_temple_entry_junction, serial_rivers,
          chequers_serial_rivers_micro_e, chequers_serial_rivers_small_a,
          chequers_serial_rivers_micro_e, chequers_serial_rivers_small_3,
          chequers_serial_rivers_micro_a, uniq_grinder, uniq_edmund
D:7:      layout_basic, kennysheep_mini_moat, makhleb_blood_cavern_becter,
          nemelex_spade_bored_becter, serial_undead, serial_undead_b,
          serial_undead_a, serial_undead_c, serial_undead_f,
          biasface_ghost_orc_armoury
D:8:      layout_loops_ring, gammafunk_temple_overflow_statue,
          gup_ossuary_entry_pyramid
D:9:      layout_roguey, nicolae_ru_sacrificial_ziggurat, serial_ice,
          serial_ice_d, serial_ice_m, serial_ice_l, serial_ice_o, uniq_pikel
D:10:     layout_irregular_city, erik_lair_orcish_takeover, orc_0_dummy,
          uniq_grum, uniq_snorg, uniq_maggie
D:11:     cheibrodos_lost_city_excavation, layout_cave_pools, serial_shops,
          nicolae_diamond_shop, shop, shop
D:12:     layout_irregular_city, uniq_jorgrun, uniq_erolcha, uniq_kirke
Temple:   eino_wide_crystal_templ
Orc:1:    layout_caves, basic_altar, uniq_josephine

Skill      XL: |  1  2  3  4  5  6  7  8  9 10 11 |
---------------+----------------------------------+-----
Short Blades   | 1 2 3 4 6 8 9 |  9.7
Fighting       | 2 |  2.1
Dodging        | 3 4 5 7 9 10 | 10.0
Air Magic      | 2 4 7 9 10 | 10.0
Spellcasting   | 4 |  4.4
Conjurations   | 5 6 7 |  7.7
Earth Magic    | 4 6 |  6.0
Axes           | |  1.6
Throwing       | |  1.0
Armour         | |  0.7
Translocations | |  3.5

Action                   |  1- 3 |  4- 6 |  7- 9 | 10-12 || total
-------------------------+-------+-------+-------+-------++-------
Melee: Dagger            |   193 |   136 |    59 |       ||   388
       Hand axe          |     7 |       |       |       ||     7
       Punch             |     2 |     3 |     8 |     4 ||    17
       Morningstar       |       |     2 |       |       ||     2
       Quick blade       |       |       |   232 |   484 ||   716
       Rapier            |       |       |     8 |       ||     8
Throw: Boomerang         |     7 |       |     1 |       ||     8
       Javelin           |     4 |     5 |       |       ||     9
       Dart              |       |     5 |     8 |     9 ||    22
 Cast: Shock             |       |   146 |   287 |    66 ||   499
       Airstrike         |       |       |     5 |    16 ||    21
       Stone Arrow       |       |       |       |    36 ||    36
Invok: Recite            |       |       |       |     1 ||     1
Evoke: Wand              |       |       |     4 |    10 ||    14
  Use: Scroll            |       |       |    15 |     7 ||    22
       Potion            |       |       |       |     1 ||     1
 Stab: Sleeping          |       |     1 |       |       ||     1
       Paralysed         |       |       |     7 |     3 ||    10
Armor: Leather armour    |    59 |    74 |    73 |       ||   206
       Ring mail         |       |       |    37 |    17 ||    54
       Swamp dragon scal |       |       |       |   126 ||   126
Dodge: Dodged            |   163 |   168 |   190 |   385 ||   906
Block: Buckler           |       |       |       |    32 ||    32

Table legend: (Time is in decaauts)
 A = Elapsed time spent in this place.
 B = Non-inter-level travel time spent in this place.
 C = Inter-level travel time spent in this place.
 D = Time resting spent in this place.
 E = Time spent auto-exploring this place.
 F = Levels seen in this place.
 G = Mean time per level.
                   A        B        C        D        E       F      G
               +--------+--------+--------+--------+--------+-----+--------+
         Total |  20180 |  19448 |    732 |   5793 |   8874 |  15 | 1345.3 |
       Dungeon |  19489 |  18767 |    722 |   5679 |   8592 |  12 | 1624.1 |
        Temple |     58 |     48 |     10 |      0 |     28 |   1 |   58.0 |
  Orcish Mines |     32 |     32 |      0 |      8 |      0 |   1 |   32.0 |
       Ossuary |    599 |    599 |      0 |    106 |    254 |   1 |  599.0 |
               +--------+--------+--------+--------+--------+-----+--------+

Top non-repeatable levels by time:
    D:10: 3700 daAuts
     D:4: 2249 daAuts
     D:9: 1921 daAuts
     D:3: 1728 daAuts
     D:5: 1696 daAuts
     D:6: 1589 daAuts
     D:7: 1543 daAuts
     D:2: 1509 daAuts
     D:1: 1480 daAuts
    D:11: 1076 daAuts
     D:8: 990 daAuts
 Ossuary: 599 daAuts
  Temple: 58 daAuts
   Orc:1: 32 daAuts
    D:12: 3 daAuts
